 Dungeon Crawl Stone Soup version 0.21-a0-630-g344d351 (webtiles) character file.

2979 Alarkh the Geomancer (level 9, -6/57 HPs)
             Began as a Demonspawn Earth Elementalist on Dec 26, 2017.
             Mangled by an orc warrior
             ... wielding a +0 war axe
              (16 damage)
             ... in a bailey.
             The game lasted 00:15:18 (10291 turns).

Alarkh the Geomancer (DsEE)                        Turns: 10291, Time: 00:15:19

Health: -6/57      AC:  8    Str: 11    XL:     9   Next: 53%
Magic:  8/21       EV: 11    Int: 17    God:
Gold:   133        SH:  0    Dex: 17    Spells: 19/25 levels left

rFire    + + +     SeeInvis .   n - +1 short sword (venom)
rCold    . . .     Gourm    .   (no shield)
rNeg     + . .     Faith    +   z - +1 ring mail {rF+}
rPois    +         Spirit   .   l - +0 helmet
rElec    .         Reflect  .   k - scarf {repulsion}
rCorr    .         Harm     .   K - +0 pair of gloves
MR       .....                  (no boots)
Stlth    ++........             r - amulet "Rusaot" {Faith Fragile rF++ rN+ Dex+3}
HPRegen  0.19/turn              y - ring of poison resistance
MPRegen  0.17/turn              (no ring)

@: confused, very slightly contaminated, repel missiles
A: talons 1, large bone plates 1, dopey 1, nightstalker 2, strong 1
a: no special abilities


You were in a bailey.
You were not hungry.

You visited 2 branches of the dungeon, and saw 8 of its levels.
You also visited: Bailey.

You collected 336 gold pieces.
You spent 203 gold pieces at shops.

Inventory:

Hand Weapons
 g - a +0 dagger
 n - a +1 short sword of venom (weapon)
 x - a +2 quarterstaff of chaos
Missiles
 s - 50 stones (quivered)
Armour
 b - a +0 cloak
 c - a +0 robe
 k - a scarf of repulsion (worn)
 l - a +0 helmet (worn)
 o - a scarf of resistance
 z - a +1 ring mail of fire resistance (worn)
 K - a +0 pair of gloves (worn)
Jewellery
 r - the amulet "Rusaot" (around neck) {Faith Fragile rF++ rN+ Dex+3}
   (You took it off an orc knight in a bailey)

   [amulet of faith]

   It allows you to gain divine favour quickly.
   It affects your dexterity (+3).
   It greatly protects you from fire.
   It protects you from negative energy.
   It will be destroyed if unequipped.
 y - a ring of poison resistance (left hand)
 I - an uncursed amulet of faith
Wands
 t - a wand of digging (31)
 w - a wand of flame (30)
 A - a wand of polymorph (8)
 E - a wand of acid (9)
 F - a wand of disintegration (13)
Scrolls
 e - 2 scrolls of identify
 f - 2 scrolls of teleportation
 j - 2 scrolls of remove curse
 m - a scroll of magic mapping
 p - 2 scrolls of enchant armour
 u - a scroll of blinking {unknown}
 B - a scroll of acquirement {unknown}
 D - 2 scrolls of brand weapon {unknown}
 H - a scroll of enchant weapon {unknown}
Potions
 h - 2 potions of haste
 i - a potion of ambrosia
 q - 2 potions of curing
 v - a potion of brilliance
 L - a potion of lignification
 M - a potion of resistance
Books
 a - a book of Geomancy

   Spells                             Type                      Level
   a - Sandblast                      Earth                        1
   b - Passwall                       Transmutation/Earth          2
   c - Stone Arrow                    Conjuration/Earth            3
   d - Petrify                        Transmutation/Earth          4
   e - Lee's Rapid Deconstruction     Earth                        5
 C - a Fen Folio

   Spells                             Type                      Level
   a - Corpse Rot                     Necromancy                   2
   b - Stone Arrow                    Conjuration/Earth            3
   c - Leda's Liquefaction            Hexes/Earth                  4
   d - Summon Forest                  Summoning/Translocation      5
   e - Hydra Form                     Transmutation                6
   f - Summon Hydra                   Summoning                    7
 J - a book of Misfortune

   Spells                             Type                      Level
   a - Confusing Touch                Hexes                        1
   b - Confuse                        Hexes                        3
   c - Gell's Gravitas                Translocation                3
   d - Petrify                        Transmutation/Earth          4
   e - Metabolic Englaciation         Hexes/Ice                    5
   f - Yara's Violent Unravelling     Hexes/Transmutation          5
 O - a book of Battle

   Spells                             Type                      Level
   a - Infusion                       Charms                       1
   b - Shroud of Golubria             Charms/Translocation         2
   c - Song of Slaying                Charms                       2
   d - Spectral Weapon                Hexes/Charms                 3
   e - Regeneration                   Charms/Necromancy            3
Comestibles
 d - 11 rations


   Skills:
 - Level 1.7 Dodging
 - Level 1.7 Stealth
 + Level 8.9 Spellcasting
 - Level 0.8 Transmutations
 + Level 9.1 Earth Magic


You had 19 spell levels left.
You knew the following spells:

 Your Spells              Type           Power        Failure   Level  Hunger
a - Sandblast             Erth           #####.       1%          1    None
b - Passwall              Tmut/Erth      ###.......   4%          2    None
c - Stone Arrow           Conj/Erth      ###...       11%         3    None


Dungeon Overview and Level Annotations

Branches:
Dungeon (7/15)             Temple (1/1) D:5

Altars:
Ashenzari
Cheibriados
Dithmenos
Elyvilon
Fedhas
Gozag
Hepliaklqana
Kikubaaqudgha
Makhleb
Nemelex Xobeh
Qazlal
Ru
Sif Muna
Trog
Uskayaw
Wu Jian
Yredelemnul
Zin
The Shining One

Shops:
D:4 *?(!?   D:6 *

Annotations:
D:5 Charly's ghost, amateur GrFi


Innate Abilities, Weirdness & Mutations

You are partially covered in large bone plates. (SH +4)
You are significantly more attuned to the shadows.
You have sharp toenails.
You are dopey. (Int -2)
Your muscles are strong. (Str +2)


Message History

There is a gate leading back out of this place here.
You see here a tomahawk of returning.
Casting: Stone Arrow
Confirm with . or Enter, or press ? or * to list all spells.
Aiming: Stone Arrow
Press: ? - help, Shift-Dir - straight line, f/p - orc warrior
Aim: an orc warrior, wielding a war axe and wearing a plate armour (severely wounded)
The stone arrow hits the orc warrior.
The orc warrior is severely wounded.
You are confused.
You feel invigorated.
The orc warrior hits you with a war axe!
* * * LOW HITPOINT WARNING * * *
The goblin hits you with a hand axe.
* * * LOW HITPOINT WARNING * * *
You closely miss the orc warrior.
You claw the orc warrior, but do no damage.
The orc warrior is severely wounded.
The orc warrior hits you with a war axe!
You die...

###≈≈...(...≈≈##
+≈≈...(.(.≈≈'
#≈≈(......≈≈#
##≈..(.(..≈##
####.(.####
#.(.# ##'K'##
##.goo.##
#...@(..#
#...∩...#
##.....##
#######


You could see 2 orc warriors, a goblin and a kobold.

Vanquished Creatures
  An orc knight (Bailey)
  Eustachio (D:5)
  The ghost of Demitroll the Slasher, an amateur DsGl of Yredelemnul (D:4)
  Edmund (D:4)
  Menkaure (D:5)
  Duvessa (D:4)
  A water moccasin (D:6)
  2 orc warriors
  2 phantoms
  3 centaurs (D:6)
  An ogre (D:5)
  Blork the orc (D:4)
  Dowan (D:4)
  A scorpion (D:4)
  A howler monkey (D:6)
  A crimson imp (D:2)
  2 hounds
  Crazy Yiuf (D:3)
  A jelly (D:6)
  4 bullfrog skeletons
  A centaur skeleton (D:5)
  An iguana (D:7)
  8 orc wizards
  6 worker ants
  A hound skeleton (D:4)
  A worker ant zombie (D:6)
  Robin (D:4)
  A gnoll (Bailey)
  6 adders
  A shadow imp (D:5)
  3 oozes
  2 adder zombies
  An adder skeleton (D:6)
  5 worms
  3 leopard geckos
  14 orcs
  2 ball pythons
  8 giant cockroaches
  19 goblins
  7 hobgoblins
  5 jackals
  13 kobolds
  3 quokkas
  11 bats
  8 frilled lizards
  A leopard gecko skeleton (D:6)
  9 rats
169 creatures vanquished.

Notes
Turn   | Place    | Note
-------+----------+-------------------------------------------
     0 | D:1      | Alarkh the Demonspawn Earth Elementalist began the quest for the Orb.
     0 | D:1      | Reached XP level 1. HP: 13/13 MP: 3/3
   183 | D:1      | Reached skill level 3 in Earth Magic
   231 | D:1      | Gained mutation: You are slightly more attuned to the shadows. [demonic ancestry]
   231 | D:1      | Reached XP level 2. HP: 19/19 MP: 3/5
  1105 | D:2      | Reached XP level 3. HP: 23/24 MP: 5/7
  1156 | D:2      | Found a sacrificial altar of Ru.
  1248 | D:2      | Found a hide-covered altar of Uskayaw.
  1250 | D:2      | Found a glowing silver altar of Zin.
  1253 | D:2      | Found a shadowy altar of Dithmenos.
  1285 | D:2      | Learned a level 2 spell: Passwall
  1289 | D:2      | Learned a level 3 spell: Stone Arrow
  1425 | D:2      | Reached XP level 4. HP: 30/30 MP: 6/8
  1676 | D:2      | Reached skill level 4 in Earth Magic
  1977 | D:2      | Reached XP level 5. HP: 20/35 MP: 0/10
  2687 | D:3      | Found a runed door.
  3077 | D:3      | Found a blossoming altar of Fedhas.
  3681 | D:3      | Noticed Crazy Yiuf
  3686 | D:3      | Killed Crazy Yiuf
  3968 | D:4      | Gained mutation: You are partially covered in large bone plates. (SH +4) [demonic ancestry]
  3968 | D:4      | Reached XP level 6. HP: 41/41 MP: 6/12
  4032 | D:4      | Reached skill level 5 in Earth Magic
  4096 | D:4      | Noticed Demitroll's ghost (amateur DsGl)
  4203 | D:5      | Entered Level 5 of the Dungeon
  4901 | D:5      | Noticed Eustachio
  4923 | D:5      | Killed Eustachio
  4923 | D:5      | Reached skill level 5 in Spellcasting
  4923 | D:5      | Gained mutation: You are significantly more attuned to the shadows. [demonic ancestry]
  4923 | D:5      | Reached XP level 7. HP: 14/46 MP: 4/15
  5193 | D:5      | Noticed Menkaure
  5196 | D:5      | Killed Menkaure
  5196 | D:5      | Reached skill level 6 in Earth Magic
  5198 | D:5      | Noticed Charly's ghost (amateur GrFi)
  5421 | D:4      | Found Sihum's Assorted Antiques.
  5424 | D:4      | Bought a glowing silver wand for 124 gold pieces
  5424 | D:4      | Bought a smoky silvery potion for 27 gold pieces
  5487 | D:4      | Found Datal's Magic Scroll Shoppe.
  5504 | D:4      | Noticed Robin
  5539 | D:4      | Noticed Edmund
  5550 | D:4      | Killed Robin
  5568 | D:4      | Killed Edmund
  5912 | D:4      | Noticed Blork the orc
  5947 | D:4      | Killed Blork the orc
  6096 | D:3      | Gained mutation: You have sharp toenails. [potion of mutation]
  6096 | D:3      | Gained mutation: You do not regenerate when monsters are visible. [potion of mutation]
  6096 | D:3      | Gained mutation: Your flesh is cold resistant. (rC+) [potion of mutation]
  6097 | D:3      | Lost mutation: You do not regenerate when monsters are visible. [potion of mutation]
  6097 | D:3      | Lost mutation: Your flesh is cold resistant. (rC+) [potion of mutation]
  6097 | D:3      | Gained mutation: You are dopey. (Int -2) [potion of mutation]
  6097 | D:3      | Gained mutation: Your muscles are strong. (Str +2) [potion of mutation]
  6203 | D:4      | Noticed Duvessa
  6204 | D:4      | Noticed Dowan
  6439 | D:4      | Killed Duvessa
  6439 | D:4      | Reached XP level 8. HP: 30/52 MP: 13/17
  6553 | D:4      | Killed Dowan
  6741 | D:4      | Killed Demitroll's ghost
  6741 | D:4      | Reached skill level 7 in Earth Magic
  6928 | D:4      | Found Owiachaj's Weapon Shoppe.
  6940 | D:4      | Found Raetanto's Distillery.
  7038 | D:4      | Found Hyoqet's Magic Scroll Shop.
  7084 | D:4      | Found a glowing golden altar of the Shining One.
  7738 | D:5      | Found a staircase to the Ecumenical Temple.
  7944 | Temple   | Entered the Ecumenical Temple
  8331 | D:6      | Found Inoxt's Assorted Antiques.
  8337 | D:6      | Bought a lumpy red potion for 26 gold pieces
  8337 | D:6      | Bought a lumpy red potion for 26 gold pieces
  8585 | D:6      | Reached skill level 8 in Earth Magic
  8717 | D:6      | Reached XP level 9. HP: 57/57 MP: 17/20
  9590 | D:7      | Found a flagged portal.
  9695 | Bailey   | Entered a bailey
  9872 | Bailey   | Noticed an orc knight
  9902 | Bailey   | Killed an orc knight
  9902 | Bailey   | Reached skill level 9 in Earth Magic
  9907 | Bailey   | Got a flickering golden amulet
  9984 | Bailey   | Identified the amulet "Rusaot" {Faith Fragile rF++ rN+ Dex+3} (You took it off an orc knight in a bailey)
 10291 | Bailey   | Mangled by an orc warrior

Vault maps used:
D:1:      dpeg_arrival_rooms_with_view, minivault_26, minmay_misc_feat_five,
          minivault_26
D:2:      grunt_temple_overflow_open, nicolae_ru_great_annihilating_truth
D:3:      overflow_temple_1_default, uniq_crazy_yiuf_cottage
D:4:      lemuel_coloured_pillars_altar, serial_shops, kennysheep_little_box,
          shop, shop, shop_statue, shop, first_ration, uniq_blork_the_orc,
          uniq_edmund, uniq_duvessa, uniq_robin
D:5:      temple_doors_cd, uniq_menkaure, uniq_eustachio
D:6:      serial_glass, glass_columns_b, glass_columns_b, serial_shops, shop,
          corexii_leaking_fountain
D:7:      vehumet_altar_wand_db, enter_bailey_2
Temple:   jpeg_temple_clearing
Bailey:   bailey_axe_3, bailey

Skill      XL: |  1  2  3  4  5  6  7  8  9 |
---------------+----------------------------+-----
Earth Magic    | 3 4 5 6 8 9 |  9.1
Spellcasting   | 3 4 5 6 7 8 |  8.9
Dodging        | |  1.7
Stealth        | |  1.7
Transmutations | |  0.8

Action                   |  1- 3 |  4- 6 |  7- 9 || total
-------------------------+-------+-------+-------++-------
Melee: Dagger            |    23 |    51 |       ||    74
       Short sword       |       |    69 |   248 ||   317
       Kick              |       |       |    47 ||    47
 Cast: Sandblast         |    44 |    51 |    53 ||   148
       Stone Arrow       |       |    19 |    22 ||    41
       Passwall          |       |     1 |       ||     1
  Use: Scroll            |     3 |     4 |     7 ||    14
       Potion            |       |     1 |    12 ||    13
 Stab: Sleeping          |     1 |     8 |     6 ||    15
       Invisible         |     2 |       |     1 ||     3
       Paralysed         |     1 |       |       ||     1
       Distracted        |       |     1 |     1 ||     2
  Eat: Chunk             |     2 |    10 |    10 ||    22
       Ration            |       |     1 |     2 ||     3
Armor: Robe              |     9 |    31 |     8 ||    48
       Ring mail         |       |       |    97 ||    97
Dodge: Dodged            |    37 |    80 |   140 ||   257
       Deflected         |     1 |     1 |    20 ||    22
Block: Other             |       |     7 |    47 ||    54

Table legend:
 A = Spawn XP
 B = Non-spawn XP
 C = Spawn XP percentage of total XP
 D = Spawn monster count
 E = Non-spawn monster count
 F = Spawn count percentage of total count
 G = Total turns spent on level
                    A         B        C        D         E        F      G
               +---------+---------+-------+---------+---------+-------+---------
         Total |       0 |    4256 |   0.0 |       0 |     169 |   0.0 | 10291
               +---------+---------+-------+---------+---------+-------+---------
           D:1 |       0 |      39 |   0.0 |       0 |      22 |   0.0 |  1212
           D:2 |       0 |     197 |   0.0 |       0 |      32 |   0.0 |  1332
           D:3 |       0 |      90 |   0.0 |       0 |      17 |   0.0 |  1791
           D:4 |       0 |    1062 |   0.0 |       0 |      43 |   0.0 |  2123
           D:5 |       0 |     690 |   0.0 |       0 |      10 |   0.0 |  1609
           D:6 |       0 |    1156 |   0.0 |       0 |      23 |   0.0 |  1323
           D:7 |       0 |     393 |   0.0 |       0 |      10 |   0.0 |   197
        Bailey |       0 |     629 |   0.0 |       0 |      12 |   0.0 |   596
               +---------+---------+-------+---------+---------+-------+---------
